Map: Thunderbird LE

Players

PappiJoe - Winner!

  • Race: Protoss Protoss
  • Spawn Location: 11:00

Dolan

  • Race: Terran Terran
  • Spawn Location: 5:00

VOD

Have the link to the VOD?

Description

Time

  • Played on: Sept. 6, 2019, 6:15 p.m.
  • Length: 7:28
Show
View Real Time Build Order
Export as new Build Order

PappiJoe Protoss - Winner!

Build Orders:  

Get SALT Encoding   

  12  0:00  Probe  
  13  0:13  Pylon  
  13  0:17  Probe  
  14  0:26  Probe  
  14  0:34  Gateway  
  14  0:35  Probe  
  16  0:45  Probe  
  16  0:46  Assimilator  
  17  0:55  Assimilator  
  17  0:57  Probe  
  18  1:10  Probe  
  19  1:22  Probe  
  19  1:23  Cybernetics Core  
  20  1:29  Pylon  
  20  1:34  Probe  
  21  1:46  Probe  
  22  1:49  Adept  
  22  1:58  Probe  
  22  2:00  Robotics Facility  
  25  2:10  Warp Gate  
  25  2:19  Stalker  
  27  2:26  Nexus  
  27  2:31  Pylon  
  27  2:43  Immortal  
  27  2:52  Probe  
  32  3:04  Probe  
  33  3:11  Twilight Council  
  33  3:16  Probe  
  34  3:29  Warp Prism, Probe  
  37  3:38  Probe  
  37  3:41  Probe  
  39  3:53  Probe  
  39  3:54  Resonating Glaives  
  40  3:59  Probe  
  40  4:00  Stalker  
  42  4:05  Probe  
  42  4:09  Probe  
  41  4:13  Probe  
  41  4:14  Immortal  
  46  4:17  Probe  
  46  4:21  Probe  
  48  4:26  Gateway  
  48  4:27  Gateway  
  50  4:40  Gateway  
  50  4:43  Gateway  
  50  4:44  Gateway  
  49  4:47  Gateway  
  49  4:52  Gateway  
  49  4:59  Pylon  
  49  5:01  Pylon  
  49  5:08  Warp Prism  
  51  5:17  Pylon  
  51  5:19  Probe  
  52  5:23  Zealot x3  
  52  5:25  Pylon  
  58  5:33  Zealot  
  60  5:37  Zealot x2  
  60  5:41  Zealot  
  66  5:49  Zealot  
  68  5:50  Zealot x3  
  68  5:54  Zealot  
  46  6:18  Adept  
  46  6:19  Adept x6  
  46  6:20  Adept  
  56  6:44  Adept x4  
  56  6:46  Zealot x3  
  56  6:47  Zealot  
  54  7:06  Zealot x3  
  54  7:07  Adept  
  54  7:08  Adept  
  64  7:11  Adept  
  62  7:25  Adept x2  
Show
View Real Time Build Order
Export as new Build Order

Dolan Terran 

Build Orders: Reaper Expand 

Get SALT Encoding   

  12  0:00  SCV  
  13  0:12  SCV  
  14  0:17  Supply Depot  
  14  0:24  SCV  
  15  0:38  SCV  
  15  0:40  Barracks  
  16  0:43  Refinery  
  16  0:50  SCV  
  17  1:03  SCV  
  18  1:15  SCV  
  19  1:28  Orbital Command, Reaper  
  20  1:40  Command Center  
  20  1:52  Supply Depot  
  20  1:53  SCV  
  21  2:00  Barracks Reactor  
  21  2:06  SCV  
  22  2:08  Refinery  
  22  2:18  Bunker, SCV  
  23  2:22  Factory  
  23  2:30  SCV  
  24  2:37  Marine x2  
  24  2:42  SCV  
  27  2:53  Orbital Command  
  27  2:55  Marine x2  
  29  3:00  SCV  
  30  3:07  Starport  
  30  3:08  Factory Tech Lab  
  30  3:12  SCV  
  31  3:14  Marine x2  
  33  3:21  SCV  
  33  3:24  SCV  
  35  3:28  Siege Tank  
  38  3:35  Supply Depot  
  38  3:36  Marine x2  
  40  3:43  Viking  
  42  3:51  Supply Depot  
  42  3:58  Marine x2  
  42  3:59  SCV x2  
  45  4:13  Siege Tank  
  45  4:14  Supply Depot, Starport Tech Lab  
  48  4:17  Marine x2  
  50  4:26  Supply Depot  
  50  4:27  SCV  
  50  4:28  Supply Depot, SCV  
  52  4:33  Barracks  
  52  4:34  Barracks  
  50  4:40  Supply Depot x2, Raven  
  50  4:45  SCV x2  
  54  4:53  Marine  
  54  4:54  Marine  
  54  4:58  Siege Tank  
  59  5:01  SCV x2  
  61  5:13  SCV  
  60  5:14  SCV  
  60  5:15  Marine x2  
  60  5:18  Supply Depot  
  63  5:22  Barracks Tech Lab  
  63  5:31  Viking  
  63  5:32  Marine  
  63  5:33  Marine  
  67  5:37  Marine x2  
  67  5:40  Refinery  
  67  5:41  Factory Reactor, Engineering Bay  
  69  5:45  SCV x2  
  71  5:50  Marine x2  
  73  5:57  SCV x2  
  73  6:02  Supply Depot  
  73  6:03  Supply Depot  
  59  6:14  SCV  
  59  6:15  SCV  
  52  6:19  Marauder x2, Marine x2  
  52  6:20  Widow Mine x2, Starport Reactor  
  59  6:39  Marine x2  
  39  6:53  Marine x2  
  36  6:57  Widow Mine  
Tags
 
Add a new tag
Caveats
  • Supply blocks, unpowered buildings, or Contaminate may cause inaccurate times.
  • Supply counts are checked every 10 seconds.